 Dungeon Crawl Stone Soup version 0.25-a0-424-g80bd347 (webtiles) character file.

Game seed: 2952710532905343450, levelgen mode: deterministic

39 Auros the Ruffian (level 3, 0/33 HPs)
             Began as a Troll Warper on Jan 20, 2020.
             Slain by Sigmund
             ... wielding a +0 scythe of pain
              (1 damage)
             ... on level 5 of the Dungeon.
             The game lasted 00:05:40 (835 turns).

Auros the Ruffian (Troll Warper)                     Turns: 835, Time: 00:05:40

Health: 0/33       AC:  6    Str: 20    XL:     3   Next: 26%
Magic:  2/3        EV: 10    Int:  9    God:
Gold:   99         SH:  0    Dex:  9    Spells: 0/4 levels left

rFire    . . .     SeeInvis .     - Unarmed
rCold    . . .     Gourm    +   (no shield)
rNeg     . . .     Faith    .   a - +0 robe
rPois    .         Spirit   .   (helmet restricted)
rElec    .         Reflect  .   (no cloak)
rCorr    .         Harm     .   (gloves unavailable)
MR       .....                  (boots unavailable)
Stlth    +.........             (no amulet)
HPRegen  0.51/turn              (no ring)
MPRegen  0.08/turn              (no ring)

@: very slightly contaminated
A: large, unfitting armour, claws 3, fast metabolism 3, gourmand, regeneration
1, shaggy fur 1, tough skin 3
a: no special abilities


You were on level 5 of the Dungeon.
You were completely stuffed.

You visited 1 branch of the dungeon, and saw 5 of its levels.

You collected 99 gold pieces.

Inventory:

Missiles
 d - 5 boomerangs of dispersal (quivered)
 f - 3 large rocks
 h - 24 sling bullets
 l - 8 poisoned darts
 Z - 58 stones
Armour
 a - a +0 robe (worn)
Scrolls
 b - a scroll of enchant weapon {unknown}
 e - 3 scrolls of identify {unknown}
 g - a scroll of fear {unknown}
 i - a scroll of teleportation {unknown}
 k - a scroll of blinking
Potions
 c - a potion of degeneration {unknown}
 j - a potion of brilliance {unknown}
Comestibles
 z - 8 rations


   Skills:
 - Level 1.5 Fighting
 - Level 0.8 Throwing
 - Level 1.9 Dodging
 + Level 3.7 Unarmed Combat
 - Level 1.2 Spellcasting
 - Level 2.1 Translocations


You couldn't memorise any spells.
You knew the following spells:

 Your Spells              Type           Power        Failure   Level  Hunger
a - Blink                 Tloc           N/A          22%         2    ###....
b - Shroud of Golubria    Chrm/Tloc      #.....       34%         2    ###....

Your spell library contained the following spells:

 Spells                   Type           Power        Failure   Level  Hunger
 Gell's Gravitas          Tloc           #.........   41%         3    ####...
 Lesser Beckoning         Tloc           #.........   41%         3    ####...
 Teleport Other           Tloc           #.......     41%         3    ####...
 Passage of Golubria      Tloc           N/A          82%         4    #####..


Dungeon Overview and Level Annotations

Branches:
Dungeon (5/15)
 Temple: D:4-7

Altars:

Annotations:
D:5 Sigmund


Innate Abilities, Weirdness & Mutations

You are too large for most types of armour.
You have claws for hands.
Your metabolism is lightning-fast.
You like to eat raw meat.
Your natural rate of healing is unusually fast.
You are covered in fur. (AC +1)
You have extremely tough skin. (AC +3)


Message History

You claw the shadow imp!
The shadow imp is severely wounded.
Something hits you.
* * * LOW HITPOINT WARNING * * *
You writhe in agony.
* * * LOW HITPOINT WARNING * * *
You're too confused to move!
You feel less confused. The shadow imp closely misses you. Something hits you.
* * * LOW HITPOINT WARNING * * *
You writhe in agony.
* * * LOW HITPOINT WARNING * * *
You claw something!
The shadow imp hits you but does no damage.
You claw something! The shadow imp gestures at you.
Pain shoots through your body!
* * * LOW HITPOINT WARNING * * *
Something hits you but does no damage.
You writhe in agony.
You die...

....%.. #.....#
###.....####
#...........
#......... #.......
####..{5# #####
##.####@#####...#
#.........'.....#
#.........#.....#
#.........#.....#
#.........#.....#
##.##....####...#
#####+######...####
#........#......#
#........#......#


You could see a shadow imp.

Vanquished Creatures
  An adder (D:2)
  2 dart slugs
  4 bats
  4 hobgoblins (D:1)
  3 jackals (D:1)
  4 kobolds (D:2)
  A ball python (D:1)
  A frilled lizard (D:1)
  A jackal skeleton (D:4)
  6 rats
27 creatures vanquished.

Notes
Turn   | Place    | Note
-------+----------+-------------------------------------------
     0 | D:1      | Auros the Troll Warper began the quest for the Orb.
     0 | D:1      | Reached XP level 1. HP: 19/19 MP: 1/1
   198 | D:1      | Reached XP level 2. HP: 20/27 MP: 2/2
   202 | D:1      | Learned a level 2 spell: Blink
   354 | D:1      | Reached skill level 3 in Unarmed Combat
   550 | D:2      | Reached XP level 3. HP: 28/33 MP: 3/3
   592 | D:2      | Learned a level 2 spell: Shroud of Golubria
   771 | D:5      | Entered Level 5 of the Dungeon
   819 | D:5      | Noticed Sigmund
   835 | D:5      | HP: 1/33 [shadow imp/nerve-wracking pain (13)]
   835 | D:5      | Slain by Sigmund

Levels and vault maps discovered:
D:1:      matt_arrival_spirals, layout_basic
D:2:      layout_basic, evilmike_ruin_ashenzari, makhleb_altar_promises_db
D:3:      layout_loops_ring, fiery_altar_vehumet
D:4:      layout_cave_pods, okawaru_ov_weapons_minmay, uniq_robin
D:5:      layout_gridville, first_ration, kennysheep_slug_shrine,
          uniq_blork_the_orc, uniq_sigmund

Skill      XL: |  1  2 |
---------------+-------+-----
Unarmed Combat | 3 |  3.7
Fighting       | |  1.5
Throwing       | |  0.8
Dodging        | |  1.9
Spellcasting   | |  1.2
Translocations | |  2.1

Action                   || total
-------------------------++-------
Melee: Unarmed           ||    75
  Eat: Chunk             ||    13
Armor: Robe              ||    25
Dodge: Dodged            ||    49

Table legend:
 A = Non-vault XP
 B = Vault XP
 C = Vault XP percentage of total XP
 D = Non-vault monster count
 E = Vault monster count
 F = Vault count percentage of total count
                 A         B        C        D         E       F
            +---------+---------+-------+---------+---------+-------
      Total |      56 |       0 |   0.0 |      27 |       0 |   0.0
            +---------+---------+-------+---------+---------+-------
        D:1 |      27 |       0 |   0.0 |      16 |       0 |   0.0
        D:2 |      28 |       0 |   0.0 |      10 |       0 |   0.0
        D:4 |       1 |       0 |   0.0 |       1 |       0 |   0.0
            +---------+---------+-------+---------+---------+-------
